 Dungeon Crawl Stone Soup version 0.30-b1-2-g02819fbbbe (webtiles) character file.

Game seed: 5138060724595486129

1549637 decrepitude the Impregnable (level 27, 197/211 HPs)
             Began as a Djinni Fire Elementalist on May 18, 2023.
             Was the Champion of Makhleb.
             Escaped with the Orb
             ... and 3 runes on May 19, 2023!
             The game lasted 03:18:06 (76270 turns).

decrepitude the Impregnable (DjFE)                 Turns: 76270, Time: 03:18:07

Health: 197/211    AC: 32    Str: 12    XL:     27
Gold:   4696       EV: 15    Int: 36    God:    Makhleb [******] SH: 20 Dex: 20

rFire   + + +        i - staff of fire "Toachul" {rElec rF+ rN+ Dex+3}
rCold   + + .        E - +5 kite shield {rC+}
rNeg    + + .        f - +8 ice dragon scales
rPois   ∞            P - +0 helmet
rElec   +            o - +0 cloak {rCorr}
rCorr   +            Q - +0 pair of gloves {Str+3}
SInv    +            (boots unavailable)
Will    ++++.        R - macabre finger necklace {Finger+ rN+}
Stlth   +            d - +6 ring of intelligence
HPRegen 0.55/turn    V - ring of Qiaczeczygga {Will+ Str+2 SInv}
MPRegen 0.00/turn    J - ring of protection from fire

%: no passive effects
@: flying, studying 3 skills
A: sickness immunity, fire resistance 2, cold vulnerability 1, float, innate
caster, HP casting, extra vitality 1, thin skeletal structure 1, strong-willed
1, sense surroundings 1, no potion heal 1
0: Orb of Zot
}: 3/15 runes: decaying, serpentine, slimy
a: Renounce Religion, Minor Destruction, Lesser Servant of Makhleb, Major
Destruction, Greater Servant of Makhleb


You escaped.
You worshipped Makhleb.
Makhleb was exalted by your worship.
You visited 10 branches of the dungeon, and saw 51 of its levels.
You visited 1 ziggurat, and saw 6 of its levels.
You also visited: Sewer, Ice Cave, Volcano and Desolation.

You collected 5890 gold pieces.
You spent 1194 gold pieces at shops.

Inventory:

Missiles
 w - 2 throwing nets
 M - 10 curare-tipped darts
Armour
 f - +8 ice dragon scales (worn)
 o - a +0 cloak of preservation (worn)
 E - a +5 kite shield of cold resistance (worn)
 P - a +0 helmet (worn)
 Q - a +0 pair of gloves of strength (worn)
Magical Staves
 i - the staff of fire "Toachul" (weapon) {rElec rF+ rN+ Dex+3}
   (You found it on level 3 of the Depths)

   [staff of fire]

   Your inability to study Fire Magic prevents you from drawing on the full
   power of this staff in melee.
   Base accuracy: +5 Base damage: 5 Base attack delay: 1.2 This weapon's minimum
   attack delay (0.6) is reached at skill level 12.
   Dex:       It affects your dexterity (+3).
   rF:        It protects you from fire.
   rElec:     It insulates you from electricity.
   rN:        It protects you from negative energy.
   It falls into the 'Staves' category.
   It is a one-handed weapon.
Jewellery
 d - a +6 ring of intelligence (left hand)
 J - a ring of protection from fire (on amulet)
 R - the macabre finger necklace (around neck) {Finger+ rN+}
   (You found it on level 2 of the Depths)

   [amulet of nothing]

   Finger+:   It enables you to equip an extra ring.
   rN:        It protects you from negative energy.
 V - the ring of Qiaczeczygga (right hand) {Will+ Str+2 SInv}
   (You found it on level 5 of the Pits of Slime)

   [ring of willpower]

   Str:       It affects your strength (+2).
   SInv:      It lets you see invisible.
   Will:      It increases your willpower.
Wands
 m - a wand of paralysis (63)
 n - a wand of light (26)
 q - a wand of polymorph (20)
 r - a wand of mindburst (53)
 x - a wand of flame (68)
 I - a wand of digging (18)
 K - a wand of iceblast (85)
Scrolls
 c - 7 scrolls of teleportation
 e - 9 scrolls of poison
 g - 2 scrolls of torment
 t - 2 scrolls of blinking
 v - 4 scrolls of fear
 y - 9 scrolls of fog
 D - 4 scrolls of summoning
 G - a scroll of enchant armour
 H - 10 scrolls of enchant weapon
 T - 5 scrolls of immolation
 U - 24 scrolls of identify
Potions
 a - 10 potions of attraction
 b - 6 potions of cancellation
 h - 6 potions of haste
 j - 2 potions of resistance
 k - 18 potions of curing
 p - 7 potions of berserk rage
 s - 7 potions of ambrosia
 u - 9 potions of invisibility
 z - 9 potions of brilliance
 A - 5 potions of might
 B - 3 potions of lignification
 C - 12 potions of heal wounds
 F - 11 potions of mutation


   Skills:
 - Level 22.0 Fighting
 - Level 23.3 Armour
 - Level 12.0 Dodging
 - Level 1.5 Stealth
 - Level 16.0 Shields
 + Level 22.7 Spellcasting
 - Level 8.0 Evocations


You knew the following spells:

 Your Spells              Type           Power      Damage    Failure   Level
a - Foxfire               Conj/Fire      100%       2x1d9     0%          1
b - Searing Ray           Conj           100%       2d8       0%          2
c - Death Channel         Necr           58%        N/A       1%          6
d - Orb of Destruction    Conj           58%        9d14      1%          7
e - Sticky Flame          Conj/Fire      100%       2d11      0%          4
f - Sting                 Tmut/Pois      100%       1d8       0%          1
g - Summon Ice Beast      Ice/Summ       100%       N/A       0%          4
h - Haunt                 Necr/Summ      58%        N/A       1%          7
i - Inner Flame           Hex/Fire       100%       N/A       0%          3
j - Scorch                Fire           100%       2d9       0%          2
k - Hailstorm             Conj/Ice       100%       3d20      0%          3
l - Volatile Blastmotes   Fire/Tloc      100%       2d18      0%          3
m - Agony                 Necr           100%       N/A       0%          5
n - Maxwell's Capacitive  Air            58%        ∞         1%          8
o - Polar Vortex          Ice            58%        N/A       28%         9
p - Death's Door          Necr           58%        N/A       28%         9
s - Simulacrum            Ice/Necr       58%        N/A       1%          6
w - Flame Wave            Conj/Fire      100%       2d21      0%          4
Your spell library was empty.

Dungeon Overview and Level Annotations

Branches:
Dungeon (15/15)            Temple (0/1) D:7            Lair (5/5) D:9
  Swamp (4/4) Lair:3        Snake (4/4) Lair:2        Slime (5/5) Lair:4
    Orc (2/2) D:12            Elf (3/3) Orc:2        Vaults (4/5) D:14
  Crypt (0/3) Vaults:2     Depths (4/4) D:15            Zot (5/5) Depths:4
  Sewer (visited)           IceCv (visited)         Volcano (visited)
Desolation (visited)

Altars:
Ashenzari
Dithmenos
Elyvilon
Makhleb
Okawaru
Qazlal
Ru
Trog
Uskayaw
Wu Jian
Xom
Zin
The Shining One
Jiyva

Shops:
D:11 *   Orc:2 !*?[   Elf:2 :   Vaults:1 (   Vaults:3 :   Vaults:4 !(!

Portals:
Hell: Lair:5 Depths:1 Depths:2 Depths:3* Depths:4
Abyss: Depths:3
Pandemonium: Depths:2

Annotations:
Elf:2 3 runed translucent doors, exclusion: 3 doors
Zot:1 2 runed translucent doors, 1 exclusion, runemage's ghost, legendary GnFi
Zot:2 1 exclusion
Zot:3 exclusion: 2 upstairs
Zot:5 2 transporters, reasonance's ghost, legendary DsFi


Innate Abilities, Weirdness & Mutations

You are immune to sickness and miasma.
You are immune to poison.
Your flesh is very heat resistant. (rF++)
You are vulnerable to cold. (rC-)
You float through the air rather than walking.
You learn spells naturally, not from books.
Your magical power is your life essence.
You have superior vitality. (+4 MHP)
You have a somewhat thin skeletal structure. (Dex +2, Stealth+)
You are strong-willed. (Will+)
You passively map a small area around you.
Potions are less effective at restoring your health.


Message History

You take 4 damage, and have 201/211 hp.
Unknown command.
You see here a +0 dagger.
A rakshasa comes into view. It is wielding a +0 trident.
The rakshasa completely misses you. The rakshasa gestures at you.
The lance of force hits you.
You are knocked back by the lance of force.
You slam into the rock wall!
You take 4 damage, and have 204/211 hp.
You take 6 damage, and have 198/211 hp.
Unknown command.
Unknown command.
Your orb of destruction hits a rock wall.
The orb of destruction hits the rakshasa!!!
The rakshasa is almost dead.
The rakshasa misses you.
You take 6 damage, and have 192/211 hp.
Unknown command.
Unknown command.
The rakshasa blinks!
You take 7 damage, and have 185/211 hp.
Aiming: Dig
Press: ? - help, Shift-Dir - straight line A rock wall.
This square is covered in magical glow.
The rock shatters into small pieces.
Your orb of destruction hits a rock wall.
A rakshasa is nearby!
You take 7 damage, and have 180/211 hp.
Unknown command.
The orb of destruction hits the rakshasa!!!
You blow up the rakshasa!
Makhleb accepts your kill.
You feel better.
You regained 8 hp, and now have 188/211 hp.
Unknown command.
There is a staircase leading out of the dungeon here.
You regained 9 hp, and now have 197/211 hp.
You have escaped!

##### ######.@.######
###.............###
###.................###
##.'.................'.#
#..#.................#.#
#.####.............###.##
#.# ###.........### #..#
#.# ###.....### ##.# #.#
###.........### #.#


There were no monsters in sight!

Vanquished Creatures
  5 orbs of fire
  Mennas (Depths:4)
  Josephina (Zot:3)
  A royal mummy (Zig:5)
  4 Killer Klowns (Zot:5)
  2 curse toes
  Nikola (Swamp:2)
  11 golden dragons
  the Enchantress (Depths:4)
  A doom hound (Depths:2)
  A bone dragon (Depths:4)
  An electric golem (Zot:2)
  2 Brimstone Fiends
  6 tentacled monstrosities
  2 walking crystal tomes
  A titan (Depths:3)
  Mlioglotl (Swamp:2)
  A lich (Depths:3)
  23 Orb Guardians
  19 acid blobs
  Grunn (Depths:2)
  6 quicksilver dragons
  7 death cobs
  2 sphinxes
  7 shadow dragons
  4 draconian monks
  9 storm dragons
  Kirke (Snake:1)
  A tengu reaver (Depths:4)
  A thorn hunter (Swamp:1)
  A fenstrider witch (Lair:3)
  5 rockslimes (Slime:5)
  15 azure jellies
  5 draconian knights
  3 frost giants
  5 fire giants
  7 draconian scorchers
  2 ghost moths (Zot:4)
  5 deep elf sorcerers
  9 vault wardens
  Louise (Swamp:1)
  2 deep elf elementalists (Elf:3)
  3 draconian shifters
  2 orc warlords
  16 ironbound preservers
  6 spriggan defenders
  2 very ugly things
  4 draconian stormcallers
  3 draconian annihilators
  16 quicksilver oozes
  9 ironbound thunderhulks
  9 stone giants
  2 bennus (Zig:5)
  2 eleionomae (Swamp:4)
  2 vampire knights (Depths:1)
  3 deep elf demonologists
  10 green draconians
  8 black draconians
  A dire elephant (Vaults:3)
  10 white draconians
  5 purple draconians
  6 deep elf annihilators
  2 bunyips
  2 spark wasps (Depths:2)
  8 yellow draconians
  13 red draconians
  Snorg (Lair:3)
  3 fire dragons (Depths:3)
  3 deep elf death magi
  15 yaktaur captains
  10 ettins
  14 great orbs of eyes
  2 vault guards (Vaults:2)
  3 entropy weavers
  3 ragged hierophants (Desolation)
  4 shambling mangroves
  4 deep elf high priests
  7 ice dragons
  3 rakshasas
  A hell beast (Lair:5)
  6 spriggan air magi
  6 centaur warriors
  33 hydras
  7 boulder beetles
  3 two-headed ogres
  5 ironbound frosthearts
  16 dancing weapons
  13 anacondas
  Erica (Lair:2)
  An alligator (shapeshifter) (D:13)
  8 alligators
  3 naga warriors
  3 deep troll earth magi
  8 death yaks
  A vampire mage (Depths:3)
  6 tengu warriors
  3 deep troll shamans
  6 orc high priests (Orc:2)
  A hell knight (Volcano)
  9 spriggan berserkers
  10 deep elf knights
  17 spriggans
  5 naga sharpshooters
  3 shock serpents
  Amaemon (Lair:2)
  2 skysharks (Lair:5)
  A sixfirhy (Depths:2)
  2 salamander mystics
  7 skeletal warriors (Vaults:2)
  2 titan skeletons
  5 goliath frogs
  An iron troll (Depths:4)
  6 sea snakes (Snake:1)
  A storm dragon skeleton (Vaults:4)
  7 spriggan druids
  3 naga ritualists (Snake:1)
  A flayed ghost (Depths:2)
  A nameless horror (Swamp:2)
  42 deep trolls
  2 bog bodies (Swamp:1)
  4 glowing orange brains
  An orange crystal statue (Zig:4)
  14 deep elf archers
  2 obsidian statues
  12 orc knights
  6 swamp dragons
  A harpy (Vaults:1)
  22 ironbound convokers
  12 deep elf pyromancers
  5 necromancers
  8 lindwurms
  12 wizards
  An oklob plant (Lair:5)
  26 deep elf zephyrmancers
  3 orc sorcerers
  A faun (shapeshifter) (Vaults:2)
  A frost giant zombie (Vaults:3)
  3 shining eyes
  4 mana vipers (Snake:1)
  2 shadow dragon skeletons
  30 ugly things
  A fire giant zombie (Vaults:3)
  4 salamanders
  A shining eye (shapeshifter) (Depths:1)
  4 cyclopes
  2 manticores
  12 elephants
  A fire giant skeleton (Vaults:3)
  2 will-o-the-wisps
  Maurice (D:10)
  22 moths of wrath
  Joseph (D:7)
  3 human skeletons (Vaults:2)
  2 naga magi (Snake:1)
  26 black mambas
  An elephant (shapeshifter) (Depths:4)
  A frost giant skeleton (Vaults:3)
  3 guardian serpents
  A demonic crawler (D:13)
  A stone giant skeleton (Vaults:3)
  12 cane toads
  A molten gargoyle (Volcano)
  3 human zombies
  18 vault sentinels
  6 orange demons
  2 gargoyles
  2 unseen horrors
  A storm dragon simulacrum (Zot:3)
  Maggie (Lair:1)
  A freezing wraith (D:15)
  5 ice statues
  6 rime drakes
  A yaktaur (shapeshifter) (Elf:2)
  7 komodo dragons
  27 yaktaurs
  A kobold demonologist (Elf:1)
  A tormentor (Depths:2)
  2 guardian mummies (Zig:5)
  2 tengu conjurers
  2 red devils (Lair:5)
  2 burning bushes (Lair:3)
  2 meliai (shapeshifter)
  2 polar bears
  A hellwing (Depths:2)
  A yaktaur skeleton (Vaults:2)
  2 bloated husks
  5 trolls
  23 hornets
  2 tarantellas (shapeshifter) (D:14)
  10 tyrant leeches
  3 raiju (Zig:4)
  2 shadow dragon simulacra
  15 saltlings
  11 blink frogs
  Grinder (D:5)
  7 dream sheep (Lair:4)
  A wyvern (shapeshifter) (Elf:3)
  A spriggan (shapeshifter) (Elf:1)
  86 slime creatures
  A yak (shapeshifter) (D:14)
  A deep troll skeleton (Vaults:2)
  3 wraiths
  A culicivora (Vaults:3)
  2 air elementals
  40 yaks
  12 water elementals
  3 ettin skeletons (Vaults:2)
  An ushabti (Zig:5)
  4 basilisks
  3 fire bats (Volcano)
  A fire elemental (Elf:2)
  2 hogs (Snake:1)
  5 wyverns
  4 redbacks
  A golden eye (Slime:5)
  A yellow draconian simulacrum (Zot:3)
  A steam dragon (D:8)
  15 vampire mosquitoes
  A chaos spawn (Depths:2)
  2 neqoxecs
  Menkaure (D:7)
  13 nagas
  9 swamp worms
  5 wargs
  3 acid dragons
  2 hell hounds (Lair:5)
  2 glowing shapeshifter skeletons (Vaults:2)
  10 swamp drakes
  16 water moccasins
  A moth of wrath simulacrum (Zot:3)
  4 ice beasts
  2 black bears
  2 sky beasts
  40 orc warriors
  An ettin simulacrum (Vaults:3)
  5 boggarts
  4 ogres
  2 great orb of eyes simulacra (IceCv)
  An elf simulacrum (Vaults:3)
  5 wolves (Lair:3)
  10 centaurs
  6 slime creature simulacra (IceCv)
  A phantom (D:4)
  6 bullfrogs
  3 kobold brigands
  2 earth elementals
  2 scorpions
  3 glowing shapeshifter simulacra (IceCv)
  3 two-headed ogre simulacra (D:11)
  4 wights (D:9)
  4 killer bees (D:9)
  6 spriggan skeletons (D:9)
  2 howler monkeys (D:5)
  A troll skeleton (D:9)
  6 lava snakes (Volcano)
  6 hounds
  30 orc priests
  2 jellies (D:6)
  A gnoll bouda (D:7)
  6 iguanas
  19 orc wizards
  A spriggan simulacrum (D:11)
  5 shapeshifter simulacra (IceCv)
  A mummy (Zig:5)
  12 gnolls
  2 naga simulacra (D:11)
  4 adders
  A white imp (D:6)
  2 ufetubi
  A worm (D:2)
  3 dart slugs
  97 orcs
  4 endoplasms
  7 giant cockroaches
  5 goblins
  9 hobgoblins
  9 jackals
  4 quokkas
  4 ball pythons
  2 bats
  4 frilled lizards (D:2)
  35 kobolds
  7 rats
1770 creatures vanquished.

Vanquished Creatures (collateral kills)
  Mara (Depths:1)
  A juggernaut (Depths:3)
  Vashnia (Snake:4)
  A golden dragon (Zot:2)
  A doom hound (Depths:2)
  2 tentacled monstrosities
  A deep elf master archer (Elf:3)
  A quicksilver dragon (Depths:4)
  5 acid blobs (Slime:5)
  2 sphinxes (Depths:1)
  4 nagarajas (Snake:4)
  Donald (Snake:2)
  An azure jelly (Slime:5)
  2 rockslimes (Slime:5)
  A tengu reaver (Depths:3)
  A balrug (Depths:1)
  2 fire giants (Depths:1)
  2 iron dragons (Depths:1)
  A draconian scorcher (Depths:4)
  4 deep elf sorcerers
  A frost giant (Depths:1)
  The ghost of Ychix the Thaumaturge, a journeyman GnSk of Makhleb (Swamp:3)
  A spriggan defender (Depths:3)
  3 deep elf elementalists (Elf:3)
  A quicksilver ooze (Slime:5)
  A very ugly thing (Depths:2)
  10 stone giants
  A vampire knight (Depths:1)
  2 ettins (Depths:1)
  A mummy priest (Zig:1)
  A yaktaur captain (Vaults:2)
  A fire dragon (Depths:2)
  5 rakshasas (Depths:1)
  4 great orbs of eyes
  2 salamander tyrants
  2 ice dragons
  2 ghost crabs (Swamp:4)
  6 anacondas
  A deep troll earth mage (Depths:3)
  A deep troll shaman (Depths:2)
  A dancing weapon (Elf:1)
  10 naga warriors
  A centaur warrior (Vaults:1)
  2 tengu warriors
  An orc high priest (Elf:2)
  6 naga sharpshooters
  5 shock serpents
  2 spriggan berserkers
  A sun demon (Depths:1)
  A spriggan (Depths:3)
  A deep elf knight (Elf:1)
  A skyshark (shapeshifter) (Depths:1)
  3 salamander mystics
  An iron troll (Depths:3)
  3 glowing orange brains
  7 naga ritualists (Snake:4)
  A deep troll (Depths:3)
  A deep elf archer (Elf:3)
  2 deep elf pyromancers (Elf:1)
  8 mana vipers
  A wizard (Depths:2)
  2 shining eyes
  14 ugly things
  10 naga magi
  15 salamanders
  8 guardian serpents
  15 black mambas
  A vault sentinel (Vaults:3)
  2 smoke demons
  2 nameless horrors
  2 tengu conjurers (Depths:2)
  An efreet (D:14)
  A guardian mummy (Zig:1)
  A hornet (Depths:3)
  4 slime creatures
  An air elemental (Elf:1)
  3 fire bats (Volcano)
  A warg (Elf:2)
  21 nagas
  A floating eye (shapeshifter) (Depths:1)
  A floating eye (Depths:4)
  A hell hound (Lair:5)
  A bullfrog (Lair:1)
  An orc (Elf:2)
  12 foxfires
262 creatures vanquished.

Vanquished Creatures (others)
  the Royal Jelly (Slime:5)
  An anaconda (Snake:1)
  A deep elf knight (Zig:6)
  A wizard (Depths:1)
  A deep elf zephyrmancer (Elf:3)
  A water elemental (Elf:2)
  4 humans (Snake:1)
  A moth of wrath simulacrum (Zot:3)
  2016 foxfires
  20 fungi
  116 plants
  2 withered plants (Desolation)
2165 creatures vanquished.

Grand Total: 4197 creatures vanquished

Notes
Turn   | Place    | Note
-------+----------+-------------------------------------------
     0 | D:1      | decrepitude the Djinni Fire Elementalist began the quest
                  | for the Orb.
     0 | D:1      | decrepitude set off with the following spells memorised:
                  | Foxfire, Scorch, Volatile Blastmotes, Inner Flame, Flame
                  | Wave.
     0 | D:1      | Reached XP level 1. HP: 15/15 MP: 0/0
    76 | D:1      | Reached XP level 2. HP: 15/21 MP: 0/0
   286 | D:1      | Reached XP level 3. HP: 22/25 MP: 0/0
   286 | D:1      | Learned a level 1 spell: Sting
   697 | D:2      | Reached XP level 4. HP: 25/31 MP: 0/0
  1334 | D:3      | Noticed an earth elemental
  1339 | D:3      | Noticed a fire elemental
  1448 | D:3      | Found a shadowy altar of Dithmenos.
  1452 | D:3      | Identified the +0 scale mail "Aniogigru" {rF+ Regen+ Dex+3}
  1546 | D:3      | Reached XP level 5. HP: 33/35 MP: 0/0
  1546 | D:3      | Learned a level 2 spell: Searing Ray
  1556 | D:3      | Found a stormy altar of Qazlal.
  1558 | D:3      | Noticed a water elemental
  1560 | D:3      | Noticed an air elemental
  1783 | D:3      | Found a white marble altar of Elyvilon.
  2080 | D:4      | Noticed a kobold brigand
  2083 | D:4      | Killed a kobold brigand
  2084 | D:4      | Reached XP level 6. HP: 30/40 MP: 0/0
  2192 | D:4      | Reached skill level 5 in Spellcasting
  2584 | D:4      | Reached XP level 7. HP: 40/45 MP: 0/0
  2584 | D:4      | Learned a level 3 spell: Hailstorm
  2862 | D:5      | Entered Level 5 of the Dungeon
  2891 | D:5      | Reached skill level 1 in Fighting
  3142 | D:5      | Reached XP level 8. HP: 34/55 MP: 0/0
  3173 | D:5      | Found a glowing drain.
  3205 | Sewer    | Entered a sewer
  3514 | D:5      | Found a bloodstained altar of Trog.
  3762 | D:5      | Noticed Grinder
  3769 | D:5      | Killed Grinder
  3837 | D:5      | Reached skill level 5 in Fighting
  4256 | D:6      | Reached XP level 9. HP: 45/65 MP: 0/0
  4256 | D:6      | Learned a level 4 spell: Sticky Flame
  4491 | D:6      | Found an iron altar of Okawaru.
  4965 | D:6      | Found a stormy altar of Qazlal.
  4967 | D:6      | Found a shimmering altar of Xom.
  4967 | D:6      | Found an iron altar of Okawaru.
  4969 | D:6      | Found an iron altar of Okawaru.
  4969 | D:6      | Found a hide-covered altar of Uskayaw.
  4969 | D:6      | Found a glowing silver altar of Zin.
  5298 | D:7      | Found a burning altar of Makhleb.
  5357 | D:7      | Became a worshipper of Makhleb the Destroyer
  5371 | D:7      | Noticed Joseph
  5379 | D:7      | Killed Joseph
  5380 | D:7      | Reached XP level 10. HP: 42/75 MP: 0/0
  5758 | D:7      | Found an ornate altar of the Wu Jian Council.
  5857 | D:7      | Found a staircase to the Ecumenical Temple.
  5860 | D:7      | Noticed Menkaure
  5876 | D:7      | Killed Menkaure
  6563 | D:8      | Reached * piety under Makhleb
  6851 | D:9      | Noticed a two-headed ogre
  6856 | D:9      | Killed a two-headed ogre
  7189 | D:9      | Noticed a komodo dragon
  7195 | D:9      | Killed a komodo dragon
  7224 | D:9      | Noticed a death yak
  7227 | D:9      | Noticed a death yak
  7228 | D:9      | Noticed a death yak
  7229 | D:9      | Reached XP level 11. HP: 79/85 MP: 0/0
  7229 | D:9      | Learned a level 4 spell: Summon Ice Beast
  7240 | D:9      | Killed a death yak
  7241 | D:9      | Reached skill level 10 in Fighting
  7316 | D:9      | Reached skill level 10 in Spellcasting
  7411 | D:9      | Identified the +2 hand axe of Tetsim {heavy, Dex+2}
  7441 | D:9      | Found a staircase to the Lair.
  7465 | D:9      | Killed a death yak
  7589 | D:9      | Killed a death yak
  7860 | D:9      | Reached ** piety under Makhleb
  8312 | D:10     | Entered Level 10 of the Dungeon
  8319 | D:10     | Noticed Maurice
  8324 | D:10     | Killed Maurice
  8411 | D:10     | Noticed a two-headed ogre
  8417 | D:10     | Killed a two-headed ogre
  8536 | D:10     | Found a sacrificial altar of Ru.
  8760 | D:10     | Reached XP level 12. HP: 80/96 MP: 0/0
  8989 | D:10     | Noticed a two-headed ogre
  8994 | D:10     | Killed a two-headed ogre
  8995 | D:10     | Reached skill level 5 in Dodging
  9656 | Lair:1   | Entered Level 1 of the Lair of Beasts
  9662 | Lair:1   | Identified a scroll of acquirement
  9662 | Lair:1   | Acquired a manual of Fighting
  9718 | Lair:1   | Noticed an eight-headed hydra
  9726 | Lair:1   | Killed an eight-headed hydra
  9766 | Lair:1   | Noticed a boulder beetle
  9776 | Lair:1   | Killed a boulder beetle
  9991 | Lair:1   | Noticed Maggie
  9996 | Lair:1   | Killed Maggie
 10056 | Lair:1   | Found a gate leading to a gauntlet.
 10694 | Lair:2   | Noticed Amaemon
 10702 | Lair:2   | Killed Amaemon
 10790 | Lair:2   | Found a staircase to the Snake Pit.
 10953 | Lair:2   | Noticed Erica
 10983 | Lair:2   | Killed Erica
 11012 | Lair:2   | Found a dark tunnel.
 11022 | Volcano  | Entered a volcano
 11429 | Volcano  | Noticed a hell knight
 11433 | Volcano  | Noticed a centaur warrior
 11443 | Volcano  | Found a bloodstained altar of Trog.
 11476 | Volcano  | Reached XP level 13. HP: 36/105 MP: 0/0
 11476 | Volcano  | Learned a level 5 spell: Agony
 11694 | Volcano  | Killed a centaur warrior
 12206 | Lair:2   | Reached *** piety under Makhleb
 12267 | Lair:2   | Identified the +5 leather armour "Fasur Pos" {Regen+ MP-9
                  | Str+2 Int+4}
 12620 | Lair:3   | Reached skill level 1 in Armour
 12703 | Lair:3   | Reached skill level 2 in Armour
 12705 | Lair:3   | Noticed a seven-headed hydra
 12716 | Lair:3   | Reached skill level 3 in Armour
 12717 | Lair:3   | Killed a seven-headed hydra
 12762 | Lair:3   | Found a staircase to the Swamp.
 13105 | Lair:3   | Noticed Snorg
 13112 | Lair:3   | Killed Snorg
 13120 | Lair:3   | Reached skill level 4 in Armour
 13548 | Lair:4   | Reached **** piety under Makhleb
 13554 | Lair:4   | Reached skill level 5 in Armour
 13588 | Lair:4   | Reached skill level 15 in Fighting
 13630 | Lair:4   | Reached skill level 10 in Dodging
 13773 | Lair:4   | Reached XP level 14. HP: 84/114 MP: 0/0
 13963 | Lair:4   | Found a staircase to the Slime Pits.
 14306 | Lair:5   | Entered Level 5 of the Lair of Beasts
 14568 | Lair:5   | Reached ***** piety under Makhleb
 14864 | Lair:5   | Reached skill level 6 in Armour
 15088 | Lair:5   | Identified the staff of fire "Omecir" {rF+ rC+}
 15353 | Lair:5   | Found a burning altar of Makhleb.
 15470 | Lair:5   | Reached XP level 15. HP: 86/123 MP: 0/0
 15470 | Lair:5   | Learned a level 6 spell: Simulacrum
 15511 | Lair:5   | Found a gateway to Hell.
 16262 | D:11     | Found Fanwilyave's Pet Rocks.
 16280 | D:11     | Found a frozen archway.
 16312 | IceCv    | Entered an ice cave
 16331 | IceCv    | Noticed a quicksilver ooze
 16334 | IceCv    | Killed a quicksilver ooze
 16654 | IceCv    | Noticed a quicksilver ooze
 16658 | IceCv    | Killed a quicksilver ooze
 16684 | IceCv    | Reached skill level 7 in Armour
 16938 | IceCv    | Noticed an azure jelly
 16944 | IceCv    | Killed an azure jelly
 16945 | IceCv    | Reached skill level 1 in Shields
 16947 | IceCv    | Noticed an azure jelly
 16953 | IceCv    | Killed an azure jelly
 16968 | IceCv    | Found a viscous altar of Jiyva.
 16989 | IceCv    | Identified the +5 ring mail "Pulaorch" {rF+ rN+ MP-9
                  | Stlth+}
 18008 | D:12     | Identified the +1 ring mail "Fopicsum" {Dex+5}
 18019 | D:12     | Found a staircase to the Orcish Mines.
 18328 | Orc:1    | Entered Level 1 of the Orcish Mines
 18380 | Orc:1    | Reached ****** piety under Makhleb
 18380 | Orc:1    | Noticed an orc warlord
 18434 | Orc:1    | Killed an orc warlord
 18678 | Orc:2    | Entered Level 2 of the Orcish Mines
 18800 | Orc:1    | You are sucked into a shaft and drop 1 floor!
 18922 | Orc:2    | Found a staircase to the Elven Halls.
 19554 | Orc:2    | Reached skill level 5 in Shields
 19925 | Orc:2    | Reached XP level 16. HP: 127/130 MP: 0/0
 19947 | Orc:2    | Found Reaskor's Distillery.
 19950 | Orc:2    | Found Guitalan's Magic Scroll Shoppe.
 19951 | Orc:2    | Found Netoczah's Armour Shoppe.
 19952 | Orc:2    | Found Pila's Assorted Antiques.
 19956 | Orc:2    | Bought a scroll of blinking for 127 gold pieces
 19956 | Orc:2    | Bought a scroll of blinking for 127 gold pieces
 19958 | Orc:2    | Bought a potion of heal wounds for 135 gold pieces
 19958 | Orc:2    | Bought a brightly glowing marble ring for 135 gold pieces
 19958 | Orc:2    | Identified the ring of Altruism {Fly rPois Int-4 Dex+4
                  | SInv} (You bought it in a shop on level 2 of the Orcish
                  | Mines)
 19960 | Orc:2    | Bought a potion of heal wounds for 60 gold pieces
 20214 | Snake:1  | Entered Level 1 of the Snake Pit
 20419 | Swamp:1  | Entered Level 1 of the Swamp
 20431 | Swamp:1  | Noticed a fenstrider witch
 20440 | Lair:3   | Killed a fenstrider witch
 20648 | Swamp:1  | Noticed Louise
 20652 | Swamp:1  | Killed Louise
 20664 | Swamp:1  | Reached skill level 10 in Shields
 21089 | Swamp:2  | Noticed a thorn hunter
 21136 | Swamp:2  | Noticed Nikola
 21192 | Swamp:1  | Killed a thorn hunter
 21516 | Swamp:2  | Killed Nikola
 21999 | Swamp:3  | Noticed Mlioglotl
 22004 | Swamp:3  | Noticed a tentacled monstrosity
 22008 | Swamp:3  | Noticed a tentacled starspawn
 22013 | Swamp:2  | Killed Mlioglotl
 22154 | Swamp:3  | Reached XP level 17. HP: 113/137 MP: 0/0
 22154 | Swamp:3  | Learned a level 7 spell: Haunt
 22564 | Swamp:3  | Killed a tentacled monstrosity
 22628 | Swamp:3  | Found a runed translucent gate.
 22628 | Swamp:3  | Found a runed translucent gate.
 22628 | Swamp:3  | Found a runed translucent gate.
 22631 | Swamp:3  | Noticed Ychix's ghost (journeyman GnSk)
 22967 | Swamp:4  | Entered Level 4 of the Swamp
 23647 | Swamp:4  | Reached skill level 15 in Spellcasting
 24001 | Swamp:4  | Got a decaying rune of Zot
 25184 | D:13     | Reached XP level 18. HP: 145/145 MP: 0/0
 25692 | D:14     | Found a gate to the Vaults.
 25839 | D:14     | Found a broken altar of Ashenzari.
 26165 | D:15     | Entered Level 15 of the Dungeon
 26197 | D:15     | Found a staircase to the Depths.
 26238 | D:15     | Reached skill level 8 in Armour
 28303 | Swamp:3  | Killed Ychix's ghost
 28375 | Swamp:3  | Identified the +4 long sword of Rivav {drain, rC- rCorr
                  | Str+4}
 28542 | Snake:1  | Reached skill level 9 in Armour
 28556 | Snake:1  | Found a transporter.
 28565 | Snake:1  | Found a transporter.
 28824 | Snake:1  | Found a transporter.
 28828 | Snake:1  | Found a transporter.
 28829 | Snake:1  | Found a glowing golden altar of the Shining One.
 28838 | Snake:1  | Found a transporter.
 28838 | Snake:1  | Found a transporter.
 28888 | Snake:1  | Noticed Kirke
 28902 | Snake:1  | Killed Kirke
 29238 | Snake:1  | Reached skill level 10 in Armour
 29814 | Snake:2  | Reached XP level 19. HP: 139/150 MP: 0/0
 29814 | Snake:2  | Learned a level 6 spell: Death Channel
 30183 | Snake:2  | Reached skill level 11 in Armour
 30268 | Snake:2  | Noticed Donald
 30273 | Snake:2  | Killed Donald
 31154 | Snake:3  | Reached skill level 15 in Shields
 31358 | Snake:4  | Entered Level 4 of the Snake Pit
 31454 | Snake:4  | Reached skill level 12 in Armour
 31906 | Snake:4  | Reached skill level 13 in Armour
 32555 | Snake:4  | Reached skill level 14 in Armour
 32628 | Snake:4  | Noticed Vashnia
 32749 | Snake:4  | Killed Vashnia
 32806 | Snake:4  | Reached XP level 20. HP: 155/157 MP: 0/0
 32919 | Snake:4  | Got a serpentine rune of Zot
 33244 | Elf:1    | Entered Level 1 of the Elven Halls
 33263 | Elf:1    | Reached skill level 15 in Armour
 33536 | Slime:1  | Entered Level 1 of the Pits of Slime
 33546 | Slime:1  | Gained mutation: You are clumsy. (Dex -2) [a shining eye]
 33551 | Slime:1  | Gained mutation: You are very clumsy. (Dex -4) [a shining
                  | eye]
 34064 | Slime:5  | Entered Level 5 of the Pits of Slime
 34102 | Slime:5  | Paralysed by a great orb of eyes for 5 turns
 34418 | Slime:5  | Noticed the Royal Jelly
 35333 | Depths:1 | Entered Level 1 of the Depths
 35643 | Depths:1 | Noticed Mara
 35654 | Depths:1 | Noticed decrepitude's illusion
 35666 | Depths:1 | Killed Mara
 35856 | Depths:1 | Identified the +0 chain mail of Ysubliac {rC- rCorr Dex+4
                  | Slay+4}
 35996 | Depths:1 | Identified the +1 quarterstaff of Chance {drain, Fly MP+9
                  | Int+3}
 36160 | Depths:1 | Reached XP level 21. HP: 128/164 MP: 0/0
 36160 | Depths:1 | Learned a level 7 spell: Orb of Destruction
 36265 | Depths:1 | Reached skill level 16 in Armour
 36312 | Depths:1 | Identified the +0 chain mail of Polytheism {Regen+ Dex+6}
 36759 | Depths:2 | Noticed a doom hound
 36760 | Depths:2 | Noticed Grunn
 36765 | Depths:2 | Noticed a doom hound
 36766 | Depths:2 | Killed a doom hound
 36771 | Depths:2 | Killed a doom hound
 36848 | Depths:2 | Identified the amulet "Vawawk" {Acrobat Dex+3}
 36919 | Depths:2 | Killed Grunn
 37275 | Depths:2 | Found the macabre finger necklace {Finger+ rN+}
 37693 | Depths:2 | You are sucked into a shaft and drop 2 floors!
 37693 | Depths:4 | Entered Level 4 of the Depths
 38175 | Depths:3 | Found a faded altar of an unknown god.
 38254 | Depths:3 | Found a one-way gate to the infinite horrors of the Abyss.
 38665 | Depths:2 | Found a one-way gate leading to the halls of Pandemonium.
 38935 | Depths:3 | Reached XP level 22. HP: 165/175 MP: 0/0
 39243 | Depths:3 | Found a runed translucent door.
 39244 | Depths:3 | Noticed a golden dragon
 39245 | Depths:3 | Noticed a juggernaut
 39771 | Depths:3 | Killed a juggernaut
 39977 | Depths:3 | Killed a golden dragon
 39990 | Depths:3 | Paralysed by a sphinx for 5 turns
 40034 | Depths:3 | Identified the +4 scimitar "Ituq" {drain, Fragile rPois
                  | rN+++ Will+}
 40035 | Depths:3 | Identified the staff of fire "Toachul" {rElec rF+ rN+
                  | Dex+3}
 40628 | Elf:1    | Paralysed by an air elemental for 1 turns
 40631 | Elf:1    | Paralysed by an air elemental for 1 turns
 41544 | Elf:1    | You are sucked into a shaft and drop 1 floor!
 43231 | Elf:2    | Found a runed translucent gate.
 43232 | Elf:2    | Found a runed translucent gate.
 43232 | Elf:2    | Found a runed translucent gate.
 43570 | Elf:2    | Found Kumuv's Book Boutique.
 43851 | Elf:2    | Reached skill level 17 in Armour
 43952 | Elf:3    | Entered Level 3 of the Elven Halls
 45168 | Elf:3    | Identified the ring "Nupiy" {Fire Fly rElec rCorr Stlth-}
 45722 | Elf:3    | Identified the +4 flail "Concordance" {venom, rN+}
 45777 | Elf:3    | Reached XP level 23. HP: 137/180 MP: 0/0
 45777 | Elf:3    | Learned a level 8 spell: Maxwell's Capacitive Coupling
 46032 | Elf:3    | Identified the +6 halberd of Fuzzy Defiance {drain, rC+
                  | Str+3 Int-2}
 46142 | Elf:3    | Identified the ring "Dist" {+Blink Str+2 SInv}
 46448 | Elf:3    | Identified the +6 scale mail of Past Mistakes {rElec Int+2
                  | Slay-4}
 46912 | Vaults:1 | Entered Level 1 of the Vaults
 47003 | Vaults:1 | Found Vieckath's Weapon Boutique.
 47896 | Vaults:1 | Reached skill level 18 in Armour
 49529 | Vaults:1 | You are sucked into a shaft and drop 1 floor!
 53027 | Vaults:2 | Found a staircase to the Crypt.
 53494 | Vaults:3 | Reached XP level 24. HP: 138/189 MP: 0/0
 54466 | Vaults:3 | Reached skill level 19 in Armour
 54670 | Vaults:3 | Found Vigaceq's Book Shoppe.
 56359 | Vaults:3 | Identified the +0 plate armour "Ugunt" {Int+4}
 56494 | Vaults:4 | Found Kuafach's Antique Weapon Emporium.
 56681 | Vaults:4 | Found a crumbling gateway.
 56696 | Desolati | Entered the Desolation of Salt
 56737 | Desolati | HP: 6/191 [saltling (21)]
 57262 | Vaults:4 | Found Parch's Distillery.
 57752 | Vaults:4 | Bought a potion of resistance for 210 gold pieces
 57752 | Vaults:4 | Bought a potion of resistance for 210 gold pieces
 57752 | Vaults:4 | Bought a potion of heal wounds for 105 gold pieces
 57752 | Vaults:4 | Lost mutation: You are very clumsy. (Dex -4) [potion of
                  | mutation]
 57752 | Vaults:4 | Lost mutation: You are clumsy. (Dex -2) [potion of
                  | mutation]
 57752 | Vaults:4 | Gained mutation: You are partially covered in iridescent
                  | scales. (AC +2) [potion of mutation]
 57752 | Vaults:4 | Gained mutation: You are mostly covered in iridescent
                  | scales. (AC +4) [potion of mutation]
 57752 | Vaults:4 | Gained mutation: Your natural rate of healing is unusually
                  | fast. [potion of mutation]
 57752 | Vaults:4 | Gained mutation: You are robust. (+10% HP) [potion of
                  | mutation]
 57789 | Vaults:4 | Reached skill level 1 in Evocations
 58318 | Vaults:4 | Found Duuddeugum's Distillery.
 58323 | Vaults:4 | Bought a potion of heal wounds for 85 gold pieces
 58348 | Vaults:4 | Reached XP level 25. HP: 216/217 MP: 0/0
 58348 | Vaults:4 | Learned a level 9 spell: Polar Vortex
 59363 | Slime:3  | Gained mutation: You occasionally lose the ability to drink
                  | potions when taking damage. [a shining eye]
 59380 | Slime:3  | Gained mutation: Potions are less effective at restoring
                  | your health. [a shining eye]
 59384 | Slime:3  | Lost mutation: Your natural rate of healing is unusually
                  | fast. [potion of mutation]
 59384 | Slime:3  | Lost mutation: You are mostly covered in iridescent scales.
                  | (AC +4) [potion of mutation]
 59384 | Slime:3  | Lost mutation: You occasionally lose the ability to drink
                  | potions when taking damage. [potion of mutation]
 59384 | Slime:3  | Gained mutation: Your muscles are strong. (Str +4, Int/Dex
                  | -1) [potion of mutation]
 59384 | Slime:3  | Gained mutation: Your mind is acute. (Int +4, Str/Dex -1)
                  | [potion of mutation]
 60107 | Slime:5  | Found a viscous altar of Jiyva.
 60442 | Slime:5  | Killed the Royal Jelly
 61063 | Slime:5  | Got a slimy rune of Zot
 61092 | Slime:5  | Identified the ring of Geuh {rF- Str+5 Int+3 SInv}
 61143 | Slime:5  | Identified the staff of cold "Jivehun" {rF++ rC+ Str+5
                  | Int-3}
 61154 | Slime:5  | Identified the +1 quarterstaff "Zivank" {elec, Dex+5}
 61180 | Slime:5  | Identified the +4 long sword of the Gods {elec, Str+2 Int+2
                  | Stlth+}
 61199 | Slime:5  | Identified the ring of Qiaczeczygga {Will+ Str+2 SInv}
 62301 | Depths:4 | Reached skill level 5 in Evocations
 62611 | Depths:4 | Reached skill level 20 in Armour
 62833 | Depths:4 | Found a gate to the Realm of Zot.
 62930 | Depths:4 | Noticed Mennas
 62948 | Depths:4 | Found a one-way gateway to a ziggurat.
 62951 | Depths:4 | Paralysed by a floating eye for 2 turns
 63014 | Depths:4 | Noticed the Enchantress
 63538 | Depths:4 | Killed the Enchantress
 64342 | Depths:4 | Killed Mennas
 64638 | Depths:4 | Paralysed by a floating eye for 2 turns
 64642 | Depths:4 | Paralysed by a floating eye for 4 turns
 64756 | Zig:1    | Entered Level 1 of a ziggurat
 64804 | Zig:2    | Entered Level 2 of a ziggurat
 64845 | Zig:3    | Entered Level 3 of a ziggurat
 64893 | Zig:3    | Identified the +5 flail of Dissolution {venom, rC+ rN+++
                  | Int-4 Dex+2}
 64898 | Zig:4    | Entered Level 4 of a ziggurat
 64969 | Zig:4    | Identified the +5 great mace "Dragonslayer" {heavy, Contam
                  | rC+ Will++ Int+3}
 64978 | Zig:5    | Entered Level 5 of a ziggurat
 64984 | Zig:5    | Noticed a royal mummy
 64999 | Zig:5    | Killed a royal mummy
 65293 | Zig:6    | Entered Level 6 of a ziggurat
 65306 | Zig:6    | Paralysed by an air elemental for 1 turns
 65312 | Zig:6    | Gained mutation: You sometimes lose your temper in combat.
                  | [mutagenic glow]
 65323 | Zig:6    | Gained mutation: You are clumsy. (Dex -2) [mutagenic glow]
 65507 | Zig:6    | Identified the +2 robe of the Saviour {rPois rF+ rN++
                  | rCorr}
 65512 | Zig:6    | Lost mutation: Your mind is acute. (Int +4, Str/Dex -1)
                  | [potion of mutation]
 65512 | Zig:6    | Lost mutation: You are robust. (+10% HP) [potion of
                  | mutation]
 65512 | Zig:6    | Lost mutation: Your muscles are strong. (Str +4, Int/Dex
                  | -1) [potion of mutation]
 65512 | Zig:6    | Gained mutation: Your spells are a little harder to cast,
                  | but a little more powerful. [potion of mutation]
 65512 | Zig:6    | Gained mutation: Your mind is acute. (Int +4, Str/Dex -1)
                  | [potion of mutation]
 65513 | Zig:6    | Lost mutation: You sometimes lose your temper in combat.
                  | [potion of mutation]
 65513 | Zig:6    | Lost mutation: Your mind is acute. (Int +4, Str/Dex -1)
                  | [potion of mutation]
 65513 | Zig:6    | Lost mutation: You are partially covered in iridescent
                  | scales. (AC +2) [potion of mutation]
 65513 | Zig:6    | Lost mutation: You are clumsy. (Dex -2) [potion of
                  | mutation]
 65785 | Zot:1    | Entered Level 1 of the Realm of Zot
 65820 | Zot:1    | Noticed an orb of fire
 65824 | Zot:1    | Gained mutation: You are weak. (Str -2) [an orb of fire]
 65831 | Depths:4 | Killed an orb of fire
 67418 | Zot:1    | Reached skill level 21 in Armour
 67872 | Zot:1    | Found a large runed translucent door.
 67872 | Zot:1    | Found a large runed translucent door.
 67878 | Zot:1    | Noticed runemage's ghost (legendary GnFi)
 67878 | Zot:1    | Found the +7 mace of Variability {chaos, chaos arc}
 68059 | Zot:1    | Reached XP level 26. HP: 201/205 MP: 0/0
 68711 | Zot:1    | Identified the +5 double sword of Fumofad {pain, rN+ rCorr}
 69436 | Zot:2    | Identified the +8 dagger of Gimoluc {venom, rC++ rCorr
                  | Dex+2}
 69470 | Zot:2    | You are sucked into a shaft and drop 1 floor!
 69811 | Zot:2    | Noticed a curse toe
 70106 | Zot:3    | Noticed a curse toe
 70124 | Zot:3    | Killed a curse toe
 70495 | Zot:3    | Identified the staff of cold "Emykkogh" {rElec rC+ Str+3}
 70495 | Zot:3    | Identified the ring of Democracy {Ice Str+4}
 70495 | Zot:3    | Noticed Josephina
 70972 | Zot:3    | Killed Josephina
 71323 | Zot:3    | Reached skill level 22 in Armour
 71575 | Zot:5    | Entered Level 5 of the Realm of Zot
 71608 | Zot:5    | Found a transporter.
 71609 | Zot:5    | Noticed reasonance's ghost (legendary DsFi)
 71610 | Zot:5    | Found a transporter.
 71611 | Zot:5    | Noticed a curse toe
 71611 | Zot:5    | Noticed a curse toe
 71791 | Zot:5    | Lost mutation: Potions are less effective at restoring your
                  | health. [potion of mutation]
 71791 | Zot:5    | Lost mutation: Your spells are a little harder to cast, but
                  | a little more powerful. [potion of mutation]
 71791 | Zot:5    | Gained mutation: Your spells are a little harder to cast,
                  | but a little more powerful. [potion of mutation]
 71791 | Zot:5    | Gained mutation: You are somewhat resistant to further
                  | mutation. [potion of mutation]
 71792 | Zot:5    | Lost mutation: Your spells are a little harder to cast, but
                  | a little more powerful. [potion of mutation]
 71792 | Zot:5    | Lost mutation: You are weak. (Str -2) [potion of mutation]
 71792 | Zot:5    | Lost mutation: You are somewhat resistant to further
                  | mutation. [potion of mutation]
 71792 | Zot:5    | Gained mutation: Potions are less effective at restoring
                  | your health. [potion of mutation]
 71792 | Zot:5    | Gained mutation: You passively map a small area around you.
                  | [potion of mutation]
 71792 | Zot:5    | Gained mutation: You have a somewhat thin skeletal
                  | structure. (Dex +2, Stealth+) [potion of mutation]
 73507 | Zot:4    | Identified the +4 shortbow of the Priest {antimagic, rN+
                  | Str+2}
 73652 | Zot:4    | Reached XP level 27. HP: 204/211 MP: 0/0
 73652 | Zot:4    | Learned a level 9 spell: Death's Door
 74476 | Zot:5    | Noticed an orb of fire
 74477 | Zot:5    | Killed an orb of fire
 74479 | Zot:5    | Noticed a Killer Klown
 74823 | Zot:5    | Noticed an orb of fire
 74828 | Zot:5    | Killed an orb of fire
 74829 | Zot:5    | Reached skill level 23 in Armour
 74837 | Zot:5    | Noticed an orb of fire
 74842 | Zot:5    | Killed an orb of fire
 74851 | Zot:5    | Noticed a Killer Klown
 74857 | Zot:5    | Killed a Killer Klown
 75016 | Zot:5    | Noticed a Killer Klown
 75024 | Zot:5    | Killed a Killer Klown
 75406 | Zot:5    | Killed a Killer Klown
 75502 | Zot:5    | Noticed an orb of fire
 75503 | Zot:5    | Gained mutation: You are strong-willed. (Will+) [an orb of
                  | fire]
 75506 | Zot:5    | Killed an orb of fire
 75681 | Zot:5    | Noticed a Killer Klown
 75687 | Zot:5    | Killed a Killer Klown
 75726 | Zot:5    | Got the Orb of Zot
 76270 | D:$      | Escaped with the Orb!

Illustrated notes

Levels and vault maps discovered:
D:1:      nzn_arrival_depleted_hourglass, layout_rooms,
          minmay_misc_feat_ornament, minmay_misc_feat_plants
D:2:      layout_basic, kennysheep_generic_room_15
D:3:      layout_rooms, grunt_dithmenos_smoke_and_mirrors,
          overflow_temple_1_default, nicolae_qazlal_style_of_elements,
          serial_corexii_hall, chequers_hall_statues_y, chequers_hall_statues_y,
          corexii_hall_statues_l, minmay_misc_feat_nine_boxes,
          minmay_tree_intersection
D:4:      kennysheep_kobold_camp, layout_rooms
D:5:      layout_loops_ring, lightli_temple_of_fire, gup_sewer_entry_glass,
          uniq_grinder
D:6:      layout_loops_ring, okawaru_metal_pillars_3, doesnt_xom_only_xom
D:7:      layout_basic, kennysheep_little_box, mainiacjoe_overflow_24_doors,
          led_sif_pool, minmay_temple_entry_statues_fountains, uniq_joseph,
          uniq_menkaure
D:8:      layout_loops_ring, serial_rivers, chequers_serial_rivers_room_b,
          chequers_serial_rivers_room_b, chequers_serial_rivers_room_a,
          chequers_serial_rivers_micro_b, chequers_serial_rivers_large_b
D:9:      layout_gridville, nicolae_vehumet_radiance, dpeg_lair_monsters,
          hangedman_tell_no_tales
D:10:     layout_stronghold, nicolae_ru_the_path_less_chosen, uniq_maurice
D:11:     layout_roguey, portal_ice_cave_entry_ice_simulacra,
          guppyfry_shop_earth
D:12:     layout_rooms, hiddenorc1_lemuel
D:13:     layout_stronghold, minmay_holes, st_stairs_4,
          kennysheep_generic_room_10
D:14:     layout_rooms, david_vaults_2, nicolae_ashenzari_skybound
D:15:     grunt_enter_depths_giant_problem, layout_stronghold,
          serial_co_window_serial, co_window_of_opportunity_a,
          co_window_paths_b, co_window_paths_b, co_window_paths_b,
          co_window_of_opportunity_a, co_window_corner_a, co_window_paths_a,
          co_window_of_opportunity_c, co_window_corner_b, co_window_cross_3,
          co_window_of_opportunity_b, co_window_broadway_c, co_window_4corner_b,
          co_window_paths_e, glass_columns_b, glass_columns_a, glass_columns_b,
          glass_columns_a, glass_columns_a
Lair:1:   layout_cave_pods, gauntlet_entry_generic, uniq_maggie
Lair:2:   layout_roguey, dummy_snake_entry, nicolae_volcano_entry_vermiform,
          chequers_serial_rivers_micro_b, infiniplex_staircase_pool,
          uniq_amaemon, uniq_erica
Lair:3:   layout_regular_city, swamp_mist, evilmike_ambush
          [evilmike_ambush_outer_basic, evilmike_ambush_inner_basic], uniq_snorg
Lair:4:   layout_roguey, slime_entry_1, lemuel_fruit_fields
Lair:5:   evil_forest, layout_small_grid, serial_bayou_shore_a,
          grunt_megastairs_5
Swamp:1:  layout_falls_marsh, evilmike_swamp_ruin_house_2, uniq_louise
Swamp:2:  layout_basic_swamp, nicolae_swamp_bean_lake, uniq_nikola
Swamp:3:  layout_basic_swamp, gammafunk_ghost_hydra_chop, serial_swamp_ruin,
          evilmike_swamp_ruin_house_6, hangedman_swamp_ruin_hall,
          evilmike_swamp_ruin_house_3, uniq_mlioglotl
Swamp:4:  swamp_basic_johnstein, layout_basic_swamp
Snake:1:  minmay_snake_river, layout_gridlike, basic_altar,
          serial_nicolae_subway, nicolae_sub_station_crystal,
          nicolae_sub_station_stone, nicolae_sub_station_metal, uniq_kirke
Snake:2:  kennysheep_six_static_rooms, layout_cave_town, uniq_donald
Snake:3:  layout_cave_pods
Snake:4:  johnstein_snake_rune_scales, layout_gridlike
Slime:1:  layout_caves
Slime:2:  layout_caves
Slime:3:  cheibrodos_slime_lost_civilization_2, layout_caves,
          nicolae_slime_barrier
Slime:4:  cheibrodos_slime_lost_civilization_9, layout_caves,
          cheibrodos_slime_lost_civilization_5
Slime:5
Orc:1:    layout_diamond_mine
Orc:2:    st_orc_pillars, layout_caves, basic_altar
Elf:1:    eino_elf_arrival_customs, layout_geoelf_diagonals, serial_sigils,
          serial_sigils_hangedman_clutch, serial_sigils_hangedman_confine,
          serial_sigils_hangedman_writhe, serial_sigils_hangedman_gut,
          hangedman_elf_disciples
Elf:2:    nicolae_elf_blades_crystal_corner, layout_gridlike, serial_shops,
          shop, uniq_asterion
Elf:3:    minmay_elf_hall_quartered_circle, layout_rooms, nicolae_wwwww,
          drop_trap, minivault_25_ag, dreamdust_princess_bridge
Vaults:1: ontoclasm_vaults_twist, hangedman_vaults_corner, st_lines,
          vaults_room_door_hall, hangedman_vaults_capsules, v_misc_17,
          nicolae_vaults_specimen_jars, vaults_mumra_hex,
          nicolae_vaults_alarming, ontoclasm_vaults_chip, vaults_room_hallway,
          layout_vaults_big_room, serial_shops, shop
Vaults:2: minmay_crypt_entry_skeletal_spiral,
          nicolae_vaults_trapezoid_lopsided_4, nicolae_vaults_little_squares_2,
          st_hourglassy, nicolae_vaults_tetromino_T_2, nicolae_vaults_tangram_1,
          nicolae_vaults_little_ls, nicolae_vaults_prndl,
          nicolae_vaults_cochlea, nicolae_vaults_storage_room_water,
          dpeg_vaults_monster_row, nicolae_vaults_closet_pinwheel_5,
          nicolae_vaults_house_2, nicolae_vaults_diamond_2,
          nicolae_vaults_storage_room_glass, ontoclasm_vaults_shuriken,
          layout_vaults_ring
Vaults:3: vaults_room_stairs_pillars, hangedman_vaults_hard_town_square,
          nicolae_vaults_closet_pinwheel_6, grunt_vaults_twisty,
          vaults_room_pool, nicolae_vaults_closet_pinwheel_1, v_rooms_3,
          nicolae_vaults_trapezoid_lopsided_1, hangedman_vaults_nodes,
          nicolae_vaults_yaktaur_gun_rack, layout_vaults_omnibox, serial_shops,
          shop
Vaults:4: portal_desolation_entry_salt, v_misc_5, ontoclasm_vaults_gateway,
          nicolae_vaults_mini_display_case, grunt_vaults_trifunnel,
          nicolae_vaults_storage_closets_2, v_misc_22, st_lattice,
          vaults_room_stairs_pillars, vaults_room_stairs_pillars,
          vaults_dpeg_ring, hangedman_vaults_snaps, nicolae_vaults_rhombus_6,
          layout_vaults_omnigrid, serial_shops, shop,
          nicolae_shop_rolling_square, shop
Depths:1: layout_roguey, lightli_too_deep, kennysheep_decorative_pillar,
          roderic_st_hans_cross, minmay_the_grid_square_5x5_3x3_mashed
          [minmay_the_grid_square_5x5_six_small,
          minmay_the_grid_square_5x5_n_small, minmay_the_grid_square_5x5_two,
          minmay_the_grid_square_5x5_meh,
          minmay_the_grid_square_5x5_megaprize_diamond,
          minmay_the_grid_square_5x5_trominoes,
          minmay_the_grid_square_5x5_checkered_statues,
          minmay_the_grid_square_5x5_checkered_sparse,
          minmay_the_grid_square_5x5_minibox], firewood_loft, uniq_mara
Depths:2: minmay_octagon_keep, layout_long_grid, nicolae_triple_integral,
          hell_entry, rand_demon_pan_entry_4, kennysheep_two_boxes, uniq_grunn
Depths:3: minmay_gate_of_8, layout_cave_shapes, serial_column_ruins,
          column_ruins_portal_squares, column_ruins_square_medium,
          column_ruins_temple_circle, column_ruins_columns_straight,
          column_ruins_corridor_straight, column_ruins_corridor_straight,
          column_ruins_columns_T, column_ruins_open_small, column_ruins_grid_2,
          abyss_entry, hell_entry, hangedman_abyss_or_decor_stabs
Depths:4: evilmike_zot_entry_round, layout_honeycomb, enter_ziggurat_d,
          hell_entry, chequers_big_river,
          nicolae_concentric_dashed_squares_mild, solitary_fountain,
          uniq_mennas, uniq_enchantress
Zot:1:    layout_basic, ebering_ghost_disaster_area, nicolae_rock_paper_scissors
Zot:2:    layout_misc_corridors, st_single_dragon_hoard_3, zot_minivault_8,
          grunt_megastairs_4
Zot:3:    layout_misc_corridors, grunt_ministairs_5, uniq_josephina
Zot:4:    layout_gridlike, hangedman_zot_decor_scrapings
Zot:5:    layout_twisted_circle, gammafunk_ghost_arena

Skill      XL: |  1  2  3  4  5  6  7  8  9 10 11 12 13 14 15 16 17 18 19 20 21 22 23 24 25 26 27 |
---------------+----------------------------------------------------------------------------------+-----
Spellcasting   | 3 4 5 6 7 8 9 10 11 12 14 16 17 18 19 20 21 22 | 22.7
Fighting       | 2 5 7 9 12 14 15 16 17 18 20 21 22 | 22.0
Dodging        | 4 7 10 12 | 12.0
Armour         | 5 6 7 10 14 15 16 17 18 19 21 22 23 | 23.3
Shields        | 6 12 14 15 16 | 16.0
Evocations     | 3 8 |  8.0
Stealth        | |  1.5

Action                     |  1- 3 |  4- 6 |  7- 9 | 10-12 | 13-15 | 16-18 | 19-21 | 22-24 | 25-27 || total
---------------------------+-------+-------+-------+-------+-------+-------+-------+-------+-------++-------
  Melee: Unarmed           |       |     1 |       |       |       |       |       |       |       ||     1
         Staff             |       |       |     2 |    15 |    12 |    10 |     6 |     1 |     1 ||    47
  Throw: Dart              |       |       |       |     2 |     1 |     2 |       |       |       ||     5
         Throwing net      |       |       |       |     1 |       |     1 |       |       |       ||     2
   Cast: Foxfire           |    40 |   122 |    87 |   153 |   471 |   311 |    13 |       |       ||  1197
         Scorch            |     2 |    10 |    39 |    70 |   139 |   190 |    21 |    22 |    23 ||   516
         Inner Flame       |     1 |     1 |    15 |    55 |   152 |   173 |     7 |    15 |     9 ||   428
         Flame Wave        |       |       |     5 |    13 |    61 |    88 |    48 |    98 |    83 ||   396
         Hailstorm         |       |       |       |    12 |    49 |    15 |    10 |     7 |     7 ||   100
         Sting             |       |       |       |     7 |     8 |       |     2 |       |     2 ||    19
         Summon Ice Beast  |       |       |       |     3 |    10 |     6 |     3 |     1 |       ||    23
         Searing Ray       |       |       |       |     1 |     4 |    16 |    19 |     3 |       ||    43
         Agony             |       |       |       |       |       |     1 |     3 |       |       ||     4
         Haunt             |       |       |       |       |       |    11 |    75 |    37 |    16 ||   139
         Simulacrum        |       |       |       |       |       |    18 |   181 |    17 |     1 ||   217
         Death Channel     |       |       |       |       |       |       |    44 |     5 |     1 ||    50
         Sticky Flame      |       |       |       |       |       |       |     2 |       |    15 ||    17
         Orb of Destructio |       |       |       |       |       |       |   123 |   666 |   549 ||  1338
         Maxwell's Capacit |       |       |       |       |       |       |       |       |    16 ||    16
         Polar Vortex      |       |       |       |       |       |       |       |       |     2 ||     2
         Volatile Blastmot |       |       |       |       |       |       |       |       |     1 ||     1
  Evoke: Wand              |       |       |       |     3 |     2 |       |     2 |       |     9 ||    16
    Use: Scroll            |     1 |     2 |     4 |    13 |     8 |     5 |     5 |    18 |    25 ||    81
         Potion            |       |       |       |       |       |     1 |     2 |     7 |    10 ||    20
 Armour: Robe              |     1 |     1 |     6 |       |       |       |       |       |       ||     8
         Steam dragon scal |       |       |       |    16 |     2 |       |       |       |       ||    18
         Leather armour    |       |       |       |       |    51 |    64 |    54 |     4 |       ||   173
         Ring mail         |       |       |       |       |       |     7 |     8 |    90 |    17 ||   122
         Ice dragon scales |       |       |       |       |       |       |       |     7 |   210 ||   217
         Skin              |       |       |       |       |       |       |       |       |    52 ||    52
  Dodge: Dodged            |     2 |    14 |    17 |    51 |   155 |   183 |   240 |   177 |   207 ||  1046
  Block: Kite shield       |       |       |       |       |    48 |   221 |   208 |   317 |   397 ||  1191
